Cool Beans, lawful female human Samurai .-- ...-- ....... ........ .....%...-...-- ...^....*....<| --...........-- --.>.... |....- |....| ---- --...| |..|----- ..-..---- |..--...| -G......--- |.......--|@).......| --.......--.d.......--- --.--.......---.--...| ---|......-- -----..| ---...-- ---- --..| ---- Cool Beans the Kunoichi Experience level: 6 Strength: 17 Dexterity: 17 Constitution: 18 Intelligence: 12 Wisdom: 9 Charisma: 6 Health: 0(57) Energy: 27(27) Def: 11 Gold: 747 Moves: 1817 Dungeon seed: IvDgMmNaLG5PW7Si Game ID: Cool Beans_1518101803 Your Inventory: Coins $ - 747 gold pieces Weapons a - an uncursed +0 katana (weapon in hand) Armor e - an uncursed rustproof +0 splint mail (being worn) n - an uncursed +0 dwarvish iron helm (being worn) y - an uncursed +0 dwarvish cloak of fire immunity (being worn) z - a cursed -2 pair of iron shoes (being worn) Y - an uncursed +0 dwarvish roundshield (being worn) Comestibles j - 3 uncursed gunyoki M - an uncursed carrot Scrolls I - an uncursed scroll of blank paper O - an uncursed scroll of identify Potions g - an uncursed potion of polymorph o - an uncursed potion of fruit juice A - an uncursed potion of extra healing G - an uncursed potion of healing H - a cursed potion of gain energy Wands s - an uncursed wand of light (0:11) t - an uncursed wand of speed monster (0:7) Tools f - an uncursed oil lamp (lit) (0:1356) h - an uncursed tinning kit (0:32) q - an uncursed osaku P - an uncursed +0 pick-axe Gems r - an uncursed worthless piece of yellowish brown glass u - 4 uncursed worthless pieces of red glass v - an uncursed chrysoberyl stone F - 2 uncursed worthless pieces of violet glass N - 3 uncursed worthless pieces of black glass R - 2 uncursed worthless pieces of orange glass Spells and supernatural/magical abilities: Name Level Category Fail Memory W - pray for help -- divine ? -- Your skills at the end: Fighting Skills martial arts [Basic] wands [Basic] Weapon Skills short sword [Basic] long sword [Skilled] bow [Basic] Spellcasting Skills Final Attributes: You were immune to fire. You were fast. You are dead. Vanquished creatures: 2 small mimics 2 gnome kings a housecat 2 bugbears 6 gnome lords 2 gnomish wizards a straw golem 2 dwarves a homunculus an iguana 33 gnomes a gecko 4 jackals a fox a goblin 4 grid bugs 3 lichens 5 newts 72 creatures vanquished. Voluntary challenges: You were an atheist. You used a wielded weapon 97 times, starting on turn 20. You read items or engraved 4 times, starting on turn 610. You never genocided any monsters. You never polymorphed an object. You never changed form. You used no wishes. You never split a pudding. You wrote Elbereth's name 1 time, starting on turn 1417. You never violated your personal moral code. Dungeon overview: The Dungeons of Doom: levels 1 to 2 Level 1 some fountains a long staircase Level 2 an altar to Amaterasu Omikami, a fountain stairs to The Gnomish Mines The Gnomish Mines: levels 3 to 7 Level 3 stairs to The Dungeons of Doom Level 4 Level 5 Level 6 many shops, a temple to Raijin, some fountains Level 7 <- You were here History has recorded: On T:1 you entered the Dungeons of Doom to retrieve the Amulet of Yendor! On T:301 you reached level 2 of The Dungeons of Doom. On T:560 you reached level 1 of The Gnomish Mines. On T:572 you advanced to experience level 2. On T:579 you advanced to experience level 3. On T:605 you advanced to experience level 4. On T:907 you reached level 2 of The Gnomish Mines. On T:1038 you advanced to experience level 5. On T:1110 you reached level 3 of The Gnomish Mines. On T:1421 you reached level 4 of The Gnomish Mines. On T:1438 you advanced to experience level 6. On T:1746 you reached level 5 of The Gnomish Mines. Score breakdown: Gold: 747 ( 9776 points) Experience: 6 levels (12456 points) Exploration: 7 levels ( 14.00%) (10497 points) Discoveries: 7 items ( 2.81%) ( 5030 points) Valuables value: (no points given unless you survive) Artifact value: 0 ( 0 points) Variety of kills: 18 monsters ( 4.74%) ( 6529 points) Turncount: 1817 turns ( 0 points) Survival: died (score multiplied by 80%) Total score: 35430 Latest messages: u - a red gem. You see here a black gem. N - a black gem. You displace Hachi. The gnome king zaps a marble wand! The magic missile hits you! The magic missile bounces! The magic missile hits you! The gnome king zaps a wand of magic missile! The magic missile hits you! You hear the howling of the CwnAnnwn... The magic missile bounces! You hit the gnome king! The gnome king zaps a wand of magic missile! The magic missile whizzes by you! The magic missile bounces! The magic missile whizzes by you! The magic missile hits the gnome king! You hit the gnome king! The gnome king zaps a wand of magic missile! The magic missile hits you! You die... Final status: Sayonara Cool Beans the Samurai, killed by a magic missile... You died in The Gnomish Mines on dungeon level 7 with 35430 points, and 747 pieces of gold, after 1817 moves. You were level 6 with a maximum of 57 hit points when you died.